Map: Divergence CE

Players

Ekelpack

  • Race: Zerg Zerg
  • Spawn Location: 5:00

Nyck

  • Race: Terran Terran
  • Spawn Location: 5:00

GreedyGambit - Winner!

  • Race: Zerg Zerg
  • Spawn Location: 11:00

DePapst - Winner!

  • Race: Protoss Protoss
  • Spawn Location: 11:00

VOD

Have the link to the VOD?

Description

Time

  • Played on: Nov. 19, 2024, 1:43 p.m.
  • Length: 5:14
Show
View Real Time Build Order
Export as new Build Order

Ekelpack Zerg 

Build Orders: Hatch First 

Get SALT Encoding   

  12  0:00  Drone  
  13  0:13  Overlord  
  13  0:19  Drone  
  14  0:44  Hatchery  
  14  0:46  Drone  
  14  0:52  Drone  
  15  1:08  Spawning Pool  
  15  1:10  Drone  
  15  1:15  Drone  
  16  1:18  Extractor  
  16  1:20  Drone  
  16  1:24  Drone  
  17  1:33  Drone  
  18  1:43  Drone  
  19  1:56  Queen  
  19  1:57  Queen  
  19  2:00  Drone  
  24  2:04  Drone  
  25  2:12  Drone x2  
  27  2:17  Overlord  
  27  2:28  Drone  
  28  2:34  Lair  
  28  2:47  Drone x4  
  28  2:48  Drone  
  33  2:55  Drone  
  33  2:57  Extractor  
  33  3:01  Drone x2, Extractor  
  34  3:12  Extractor  
  33  3:13  Drone x2  
  33  3:15  Metabolic Boost  
  35  3:22  Zergling x2, Overlord  
  36  3:48  Spire  
  35  3:49  Zergling x6  
  35  3:50  Zergling x6, Overlord  
  35  3:51  Zergling x2  
  42  4:14  Drone x2  
  45  4:17  Drone x3  
  45  4:23  Zergling x8  
  43  4:31  Zergling x4  
  43  4:32  Zergling x2  
  43  4:35  Zergling x2  
  47  4:38  Zergling x4  
  47  4:39  Zergling x4  
  51  4:48  Zergling x2  
Show
View Real Time Build Order
Export as new Build Order

Nyck Terran 

Build Orders: Reaper Expand 

Get SALT Encoding   

  12  0:00  SCV  
  13  0:12  SCV  
  14  0:17  Supply Depot  
  14  0:24  SCV  
  15  0:39  SCV  
  15  0:42  Barracks  
  16  0:51  SCV, Refinery  
  17  1:04  SCV  
  18  1:21  SCV  
  19  1:38  Orbital Command  
  19  1:39  Reaper  
  20  1:51  Command Center  
  20  2:02  Supply Depot  
  20  2:03  SCV  
  20  2:04  Refinery  
  21  2:12  Reaper  
  22  2:15  SCV  
  23  2:28  SCV  
  24  2:31  Factory  
  24  2:45  Barracks Reactor  
  24  2:47  SCV  
  25  2:59  SCV  
  26  3:20  SCV  
  26  3:21  Orbital Command  
  26  3:26  Marine x2  
  29  3:32  SCV  
  30  3:44  SCV, Marine x2  
  30  3:46  Starport  
  33  3:52  Barracks  
  33  3:55  Supply Depot  
  33  3:56  Barracks  
  33  3:57  SCV x2  
  35  4:08  Marine x2  
  35  4:09  SCV x2  
  37  4:16  Bunker  
  37  4:18  Supply Depot  
  31  4:37  Hellion  
  21  4:40  Marine  
  21  4:41  Marine x2  
  18  4:55  SCV x2  
Show
View Real Time Build Order
Export as new Build Order

GreedyGambit Zerg - Winner!

Build Orders: Hatch First 

Get SALT Encoding   

  12  0:00  Drone  
  13  0:08  Drone  
  13  0:13  Extractor  
  13  0:15  Drone  
  15  0:22  Overlord  
  15  0:41  Drone x2  
  17  0:54  Hatchery  
  17  0:56  Drone  
  17  0:59  Drone  
  18  1:07  Drone  
  19  1:17  Spawning Pool  
  18  1:20  Extractor  
  18  1:21  Drone  
  18  1:26  Drone  
  19  1:37  Overlord  
  19  1:49  Drone  
  20  1:59  Drone  
  21  2:04  Queen  
  21  2:06  Queen  
  21  2:07  Drone  
  26  2:11  Overlord  
  26  2:21  Zergling x4  
  28  2:26  Metabolic Boost  
  28  2:32  Zergling x4  
  30  2:43  Overlord  
  30  2:45  Overlord  
  30  2:56  Zergling x4  
  32  3:05  Baneling Nest  
  31  3:15  Zergling x8  
  35  3:20  Overlord  
  35  3:31  Zergling x8  
  35  3:32  Zergling x6  
  42  3:40  Zergling x4  
  44  3:54  Zergling x4  
  45  4:09  Zergling x14  
  45  4:39  Zergling x2  
  45  4:40  Zergling x14  
  52  4:57  Zergling x8  
Show
View Real Time Build Order
Export as new Build Order

DePapst Protoss - Winner!

Build Orders: Nexus First 

Get SALT Encoding   

  12  0:00  Probe  
  13  0:13  Probe  
  14  0:18  Pylon  
  14  0:25  Probe  
  15  0:37  Probe  
  16  0:49  Probe  
  17  1:01  Probe  
  18  1:05  Nexus  
  18  1:13  Probe  
  18  1:17  Gateway  
  19  1:25  Probe  
  20  1:27  Pylon  
  20  1:37  Probe  
  20  1:39  Assimilator  
  21  1:49  Probe (Chrono Boost)  
  21  1:53  Assimilator  
  23  2:02  Probe (Chrono Boost)  
  23  2:07  Probe (Chrono Boost)  
  24  2:15  Cybernetics Core  
  24  2:21  Probe (Chrono Boost)  
  24  2:22  Probe (Chrono Boost)  
  26  2:32  Probe x2 (Chrono Boost)  
  28  2:40  Probe (Chrono Boost)  
  28  2:41  Probe (Chrono Boost)  
  28  2:43  Gateway  
  30  2:49  Probe (Chrono Boost)  
  30  2:50  Probe (Chrono Boost)  
  32  2:52  Gateway  
  32  2:55  Gateway  
  32  2:57  Pylon  
  32  2:58  Probe (Chrono Boost)  
  32  2:59  Probe  
  32  3:04  Stalker (Chrono Boost)  
  36  3:05  Warp Gate  
  36  3:12  Probe x2  
  38  3:22  Twilight Council  
  38  3:24  Probe (Chrono Boost)  
  38  3:25  Pylon  
  40  3:28  Probe (Chrono Boost)  
  41  3:35  Probe (Chrono Boost)  
  41  3:39  Probe (Chrono Boost)  
  41  3:40  Probe (Chrono Boost)  
  42  3:44  Stalker x3  
  49  3:49  Assimilator  
  49  3:53  Assimilator  
  49  4:01  Stalker  
  51  4:14  Stalker x2  
  55  4:23  Pylon  
  55  4:33  Gateway  
  55  4:34  Gateway  
  55  4:40  Gateway  
  55  4:44  Stalker  
  57  4:55  Stalker x3  
  63  5:07  Robotics Facility  
  63  5:14  Nexus  
Tags
 
Add a new tag
Caveats
  • Supply blocks, unpowered buildings, or Contaminate may cause inaccurate times.
  • Supply counts are checked every 10 seconds.